 Dungeon Crawl Stone Soup version 0.24-a0-201-gf205589 (webtiles) character file.

Game seed: 12658105382369926183

314 Borgoz the Cutter (level 6, -1/37 HPs)
             Began as a Gargoyle Gladiator on Mar 25, 2019.
             Slain by Sigmund
             ... wielding a +0 scythe
              (10 damage)
             ... on level 5 of the Dungeon.
             The game lasted 00:08:30 (3950 turns).

Borgoz the Cutter (Gargoyle Gladiator)              Turns: 3950, Time: 00:08:31

Health: -1/37      AC: 13    Str: 17    XL:     6   Next: 43%
Magic:  8/8        EV: 12    Int:  9    God:
Gold:   235        SH:  0    Dex: 15    Spells: 8/8 levels left

rFire    . . .     SeeInvis .   a - +0 rapier
rCold    . . .     Gourm    .   (no shield)
rNeg     + . .     Faith    .   g - +0 ring mail
rPois    ∞         Spirit   .   c - +0 helmet
rElec    +         Reflect  .   (no cloak)
rCorr    .         Harm     +   k - +1 pair of gloves
MR       .....                  (no boots)
Stlth    +.........             s - amulet of harm
HPRegen  0.12/turn              j - +2 ring of dexterity
MPRegen  0.11/turn              t - ring of wizardry

@: no status effects
A: negative energy resistance 1, electricity resistance, unbreathing,
petrification resistance, rot immunity, AC +4
a: no special abilities


You were on level 5 of the Dungeon.
You were very hungry.

You visited 1 branch of the dungeon, and saw 5 of its levels.
You also visited: Sewer.

You collected 235 gold pieces.

Inventory:

Hand Weapons
 a - a +0 rapier (weapon)
 n - a +0 blowgun
 w - a +1 dagger of holy wrath
Missiles
 d - 3 throwing nets (quivered)
 u - 15 poisoned needles
Armour
 c - a +0 helmet (worn)
 e - a +0 pair of gloves
 g - a +0 ring mail (worn)
 k - a +1 pair of gloves (worn)
Jewellery
 j - a +2 ring of dexterity (left hand)
 m - a +1 ring of protection
 s - an amulet of harm (around neck)
 t - a ring of wizardry (right hand)
Wands
 y - a wand of flame (15)
Scrolls
 b - 4 scrolls of identify {unknown}
 h - 2 scrolls of remove curse {unknown}
 l - 2 scrolls of magic mapping {unknown}
 o - a scroll of noise {unknown}
 p - a scroll of enchant weapon {unknown}
 q - 2 scrolls of teleportation {unknown}
 r - 3 scrolls of amnesia {unknown}
 z - a scroll of immolation {unknown}
Potions
 i - 4 potions of flight
 v - 2 potions of lignification {unknown}
 x - 3 potions of curing
 A - a potion of heal wounds {unknown}
Comestibles
 f - 9 rations


   Skills:
 + Level 3.1 Fighting
 * Level 3.7 Short Blades
 + Level 2.6 Throwing
 + Level 2.0 Armour
 * Level 3.4 Dodging
 + Level 2.0 Stealth
 + Level 1.5 Spellcasting


You had 8 spell levels left.
You didn't know any spells.
Your spell library was empty.

Dungeon Overview and Level Annotations

Branches:
Dungeon (5/15)
 Temple: D:4-7

Altars:
Okawaru

Annotations:
D:3 2 transporters, Grinder
D:5 Sigmund


Innate Abilities, Weirdness & Mutations

You are resistant to torment.
Your stone body is resilient. (AC +4)
You are immune to poison.
You resist negative energy. (rN+)
You are resistant to electric shocks. (rElec)
You can survive without breathing.
You are immune to petrification.
You are immune to rotting.


Message History

The orc is lightly wounded.
Something hits you.
You barely miss something. The orc hits you with a +0 trident.
You hit something but do no damage. The orc hits you but does no damage.
You hear some strange, mumbled words.
Something tries to affect you, but you resist.
You hit something. The orc hits you but does no damage.
Something hits you but does no damage.
You barely miss something. The orc barely misses you. Something hits you.
You hit something. The orc hits you with a +0 trident.
Your ring mail prevents you from hitting something.
Something hits you but does no damage. The orc hits you but does no damage.
You puncture the orc!
You kill the orc!
Something hits you.
You closely miss something. You miss something. Something hits you.
* * * LOW HITPOINT WARNING * * *
You hit something. Something hits you!
You die...

#..........############.#.#.
#.<.....................#.#.
#.....(....##...############
#..........##...# #.........
#..........##...# #.########
#..........##...###.........
#....................#######
#..........)######...#
#.........)@# #...#
###...){# #...# #.....#
#...# #...... #.#.# #####..
#.#.# '... #.#.# #... #.#.#
#....


There were no monsters in sight!

Vanquished Creatures
  A big kobold (Sewer)
  2 worker ants (D:4)
  4 adders (D:2)
  2 river rats (Sewer)
  3 worms
  3 dart slugs
  12 leopard geckos
  6 orcs
  2 ball pythons
  11 bats
  7 giant cockroaches
  6 goblins
  4 hobgoblins
  7 jackals
  15 kobolds
  2 quokkas
  7 frilled lizards
  10 rats
104 creatures vanquished.

Notes
Turn   | Place    | Note
-------+----------+-------------------------------------------
     0 | D:1      | Borgoz the Gargoyle Gladiator began the quest for the Orb.
     0 | D:1      | Reached XP level 1. HP: 12/12 MP: 1/1
    92 | D:1      | Reached XP level 2. HP: 8/17 MP: 2/2
   587 | D:1      | Reached XP level 3. HP: 21/22 MP: 3/3
   632 | D:1      | Reached skill level 1 in Stealth
  1096 | D:2      | Reached skill level 1 in Armour
  1257 | D:2      | Reached XP level 4. HP: 23/27 MP: 5/5
  1930 | D:2      | Reached skill level 1 in Spellcasting
  2159 | D:3      | Reached XP level 5. HP: 30/31 MP: 6/6
  2307 | D:3      | Noticed Grinder
  2307 | D:3      | Paralysed by Grinder for 7 turns
  2323 | D:3      | Paralysed by Grinder for 2 turns
  2626 | D:3      | Found a transporter.
  2630 | D:3      | Noticed a soldier ant
  2631 | D:3      | Found an iron altar of Okawaru.
  2631 | D:3      | Found a transporter.
  3343 | D:4      | Found a glowing drain.
  3347 | Sewer    | Entered a sewer
  3378 | Sewer    | Reached XP level 6. HP: 18/36 MP: 7/7
  3673 | Sewer    | Found a glowing silver altar of Zin.
  3817 | D:5      | Entered Level 5 of the Dungeon
  3926 | D:5      | Noticed Sigmund
  3950 | D:5      | Slain by Sigmund

Levels and vault maps discovered:
D:1:      dpeg_arrival_leaves_temple_mockup, layout_basic,
          minmay_tree_intersection, nrook_campfire
D:2:      layout_basic, minmay_misc_feat_square, kennysheep_boxes,
          uniq_crazy_yiuf_cottage
D:3:      layout_loops_ring, gammafunk_temple_overflow_arena, first_ration,
          uniq_grinder
D:4:      layout_cave_pools, gup_sewer_entry_bowl
D:5:      layout_basic, uniq_sigmund
Sewer:    sewer_kobolds

Skill      XL: |  1  2  3  4  5  6 |
---------------+-------------------+-----
Short Blades   | 3 |  3.7
Stealth        | 1 2 |  2.0
Throwing       | 2 |  2.6
Armour         | 1 2 |  2.0
Dodging        | 3 |  3.4
Spellcasting   | 1 |  1.5
Fighting       | 3 |  3.1

Action                   |  1- 3 |  4- 6 || total
-------------------------+-------+-------++-------
Melee: Rapier            |   124 |   327 ||   451
  Use: Potion            |       |     3 ||     3
 Stab: Sleeping          |       |     1 ||     1
  Eat: Chunk             |     1 |     8 ||     9
Armor: Ring mail         |    81 |   166 ||   247
Dodge: Dodged            |   137 |   227 ||   364

Table legend:
 A = Non-vault XP
 B = Vault XP
 C = Vault XP percentage of total XP
 D = Non-vault monster count
 E = Vault monster count
 F = Vault count percentage of total count
                 A         B        C        D         E       F
            +---------+---------+-------+---------+---------+-------
      Total |     299 |     150 |  33.4 |      90 |      14 |  13.5
            +---------+---------+-------+---------+---------+-------
        D:1 |      47 |       0 |   0.0 |      27 |       0 |   0.0
        D:2 |     113 |       0 |   0.0 |      31 |       0 |   0.0
        D:3 |      37 |       0 |   0.0 |      17 |       0 |   0.0
        D:4 |      85 |       8 |   8.6 |       9 |       3 |  25.0
        D:5 |      17 |       0 |   0.0 |       6 |       0 |   0.0
      Sewer |       0 |     142 | 100.0 |       0 |      11 | 100.0
            +---------+---------+-------+---------+---------+-------
